 Dungeon Crawl Stone Soup version 0.18.1-50-g88ac8fd (webtiles) character file.

291 Monkfish the Covert (level 6, -1/36 HPs)
             Began as a Kobold Assassin on Oct 22, 2016.
             Was a Follower of Dithmenos.
             Killed by divine providence
             ... invoked by an orc priest
              (12 damage)
             ... on level 3 of the Dungeon.
             The game lasted 00:07:01 (2675 turns).

Monkfish the Covert (Kobold Assassin)               Turns: 2675, Time: 00:07:01

Health: -1/36      AC:  6    Str: 11    XL:     6   Next: 58%
Magic:  6/6        EV: 14    Int:  9    God:    Dithmenos [*.....]
Gold:   68         SH:  0    Dex: 18    Spells: 0 memorised, 5 levels left

rFire  . . .     SeeInvis .     b - +1 blowgun
rCold  . . .     Gourm    .     c - +0 robe
rNeg   . . .     Faith    .     (shield restricted)
rPois  .         Spirit   .     (no helmet)
rElec  .         Dismiss  .     d - +0 cloak
rCorr  .         Reflect  .     j - +2 pair of gloves
SustAt .         Harm     .     (no boots)
MR     .....                    (no amulet)
Stlth  ++++++....               (no ring)
                                (no ring)

@: wreathed by umbra, not resistant to hostile enchantments, very stealthy
A: carnivore 3
a: Renounce Religion


You were on level 3 of the Dungeon.
You worshipped Dithmenos.
Dithmenos was aware of your devotion.
You were not hungry.

You visited 1 branch of the dungeon, and saw 3 of its levels.

You collected 68 gold pieces.

Inventory:

Hand Weapons
 a - a +2 dagger
 b - a +1 blowgun (weapon)
Missiles
 e - 9 poisoned needles (quivered)
Armour
 c - a +0 robe (worn)
 d - a +0 cloak (worn)
 j - a +2 pair of gloves (worn)
Wands
 p - a wand of iceblast (11/15)
Scrolls
 m - a scroll of identify
 o - a scroll of remove curse
 q - a scroll of enchant weapon
Potions
 k - a potion of haste
Comestibles
 g - 3 meat rations
 i - a beef jerky


   Skills:
 + Level 2.6 Fighting
 + Level 3.6 Short Blades
 * Level 3.6 Throwing
 - Level 1.2 Dodging
 * Level 8.9 Stealth
 - Level 0.2 Evocations


You had 5 spell levels left.
You didn't know any spells.

Dungeon Overview and Level Annotations

Branches:
Dungeon (3/15)

Altars:
Dithmenos
Fedhas
Kikubaaqudgha
Ru


Innate Abilities, Weirdness & Mutations

You are small and have problems with some larger weapons.
You are carnivorous and can eat meat at any time.


Message History

Press: ? - help, Shift-Dir - straight line, f - orc priest
Aim: an orc priest, wearing a chain mail (hasn't noticed you)
You shoot a curare-tipped needle.
The curare-tipped needle barely misses the orc priest.
The orc priest shouts!
Firing (i - inventory):
e - 11 poisoned needles (quivered)
Press: ? - help, Shift-Dir - straight line, f/p - orc priest
Aim: an orc priest, wearing a chain mail You shoot a poisoned needle.
The poisoned needle hits the orc priest!
The orc priest is poisoned.
The kobold shouts!
Firing (i - inventory):
e - 10 poisoned needles (quivered)
Press: ? - help, Shift-Dir - straight line, f - kobold, p - orc priest
Aim: a kobold You shoot a poisoned needle.
The poisoned needle hits the kobold.
The kobold is poisoned.
The orc priest calls down the wrath of Beogh upon you.
Beogh smites you!
You die...

#####........#
.............#
.............#
####)........###
#.##...)....#
#.##.....(..#
#.##........#
#.##...)....#######
...'..(...)o)@....+
.##.(....(K#######
....(..(..#
###..8....K#
#........#
##%.......#
####..#....'...#
........####...#
..####.. #....


You could see an orc priest and a kobold.

Vanquished Creatures
  The ghost of Monkfish the Covert, an amateur KoAs (D:3)
  Jessica (D:2)
  An orc wizard (D:3)
  A hound skeleton (D:3)
  A worker ant zombie (D:3)
  2 adders (D:2)
  2 oozes
  An adder skeleton (D:3)
  2 worms
  2 dart slugs
  2 giant geckos (D:2)
  5 orcs (D:3)
  7 giant cockroaches
  8 goblins
  3 hobgoblins
  A quokka (D:2)
  7 bats
  A giant cockroach zombie (D:3)
  A giant gecko zombie (D:3)
  A giant newt (D:1)
  9 kobolds
  5 rats
64 creatures vanquished.

Notes
Turn   | Place    | Note
--------------------------------------------------------------
     0 | D:1      | Monkfish the Kobold Assassin began the quest for the Orb.
     0 | D:1      | Reached XP level 1. HP: 12/12 MP: 1/1
   215 | D:1      | Reached XP level 2. HP: 17/17 MP: 2/2
   339 | D:1      | Reached skill level 6 in Stealth
   388 | D:1      | You fall through a shaft!
   388 | D:2      | Found an ancient bone altar of Kikubaaqudgha.
   464 | D:2      | Reached XP level 3. HP: 20/21 MP: 3/3
   492 | D:2      | Noticed Jessica
  1080 | D:2      | Found a sacrificial altar of Ru.
  1083 | D:2      | Found a shadowy altar of Dithmenos.
  1087 | D:2      | Became a worshipper of Dithmenos the Shadowed
  1093 | D:2      | Found a blossoming altar of Fedhas.
  1152 | D:2      | Reached XP level 4. HP: 21/26 MP: 4/4
  1432 | D:2      | Reached skill level 7 in Stealth
  1675 | D:2      | Killed Jessica
  1681 | D:2      | Reached XP level 5. HP: 22/31 MP: 5/5
  1716 | D:3      | Noticed Monkfish's ghost (amateur KoAs)
  1980 | D:3      | Reached * piety under Dithmenos
  2241 | D:3      | Killed Monkfish's ghost
  2241 | D:3      | Reached skill level 8 in Stealth
  2241 | D:3      | Reached XP level 6. HP: 24/36 MP: 6/6
  2675 | D:3      | Killed from afar by an orc priest

Skill      XL: |  1  2  3  4  5 |
---------------+----------------+-----
Stealth        | 6 7 8 |  8.9
Throwing       | 3 |  3.6
Short Blades   | 3 |  3.6
Fighting       | |  2.6
Dodging        | |  1.2
Evocations     | |  0.2

Action                   |  1- 3 |  4- 6 || total
-------------------------+-------+-------++-------
Melee: Dagger            |    53 |   170 ||   223
 Fire: Blowgun           |    12 |    23 ||    35
Evoke: Wand              |       |     4 ||     4
  Use: Potion            |     6 |     7 ||    13
       Scroll            |     5 |     3 ||     8
 Stab: Sleeping          |    11 |     5 ||    16
  Eat: Chunk             |     4 |     4 ||     8
Armor: Robe              |    12 |    34 ||    46
       Skin              |       |    17 ||    17
Dodge: Dodged            |    33 |   112 ||   145
